Workbook

Sheet ÍNDICE
A2: ALCALDÍA DE SANTIAGO DE CALI
A3: DEPARTAMENTO ADMINISTRATIVO DE PLANEACIÓN
A4: PLAN ESTADÍSTICO DISTRITAL DE SANTIAGO DE CALI
A5: 2025
A7: ÍNDICE DE CAPACIDAD ESTADÍSTICA DISTRITAL (ICED) 2025
A9: DEPARTAMENTO ADMINISTRATIVO TECNOLOGÍAS DE LA INFORMACIÓN Y LAS COMUNICACIONES
A11: A. | B11: Resultado global
B12: Resultado del organismo desagregado por dimensiones
A13: B. | B13: Resultado por dimensiones
B14: Resultados de las dimensiones, desagregado por subdimensiones
A15: C. | B15: Entorno institucional
B16: Resultado de la dimensión Entorno Institucional, desagregado por subdimensión y por pregunta.
A17: D. | B17: Infraestructura
B18: Resultado de la dimensión Infraestructura, desagregado por subdimensión y por pregunta
A19: E. | B19: Metodología estadística
B20: Resultado de la dimensión Metodología estadística, desagregado por subdimensión y por pregunta
A21: F. | B21: Accesibilidad y uso
B22: Resultado de la dimensión Accesibilidad y uso, desagregado por subdimensión y por pregunta
A24: Alcaldía de Santiago de Cali
A25: Departamento Administrativo de Planeación
A26: Subdirección de Desarrollo Integral
A27: Grupo de Estadísticas Distritales
A28: Plan Estadístico Distrital
A30: Contacto
A31: Correo: planestadistico@cali.gov.co
A32: 2025

Sheet A. Resultado global
A2: ALCALDÍA DE SANTIAGO DE CALI
A3: DEPARTAMENTO ADMINISTRATIVO DE PLANEACIÓN
A4: PLAN ESTADÍSTICO DISTRITAL DE SANTIAGO DE CALI
A5: 2025
A7: ÍNDICE DE CAPACIDAD ESTADÍSTICA DISTRITAL (ICED) 2025
A9: =ÍNDICE!A9 -> DEPARTAMENTO ADMINISTRATIVO TECNOLOGÍAS DE LA INFORMACIÓN Y LAS COMUNICACIONES
A10: Resultado global del Índice de Capacidad Estadística Distrital
B17: Dimensión | C17: N° | D17: Ponderación | E17: Restulado obtenido | F17: Resultado ponderado
B18: Entorno institucional | C18: 1 | D18: 0.25 | E18: ='B. Resultado por dimensiones'!G16 -> 0.46875 | F18: =E18*D18 -> 0.1171875
B19: Infraestructura | C19: 2 | D19: 0.25 | E19: ='B. Resultado por dimensiones'!G23 -> 0.67708333 | F19: =E19*D19 -> 0.16927083
B20: Metodología estadística | C20: 3 | D20: 0.25 | E20: ='B. Resultado por dimensiones'!G31 -> 0.58333333 | F20: =E20*D20 -> 0.14583333
B21: Accesibilidad y uso | C21: 4 | D21: 0.25 | E21: ='B. Resultado por dimensiones'!G37 -> 0.31250417 | F21: =E21*D21 -> 0.078126042
B22: RI | C22: Resultado del Índice | F22: =SUM(F18:F21) -> 0.51041771
B42: Fuente: Estadísticas Distritales - DAP, Alcaldía de Santiago de Cali
B43: Nota: el resultado del índice se presenta como un promedio simple y ponderado de las dimensiones.
B44: Nota: los resultados del índice a nivel de dimensiones y subdimensiones pueden variar año a año en función del reporte en el FICED.
B45: Actualizado Noviembre 2025

Sheet Desplegables
A1: ORGANISMOS
A2: DEPARTAMENTO ADMINISTRATIVO DE CONTRATACIÓN PÚBLICA
A3: DEPARTAMENTO ADMINISTRATIVO DE CONTROL DISCIPLINARIO INTERNO
A4: DEPARTAMENTO ADMINISTRATIVO DE CONTROL INTERNO
A5: DEPARTAMENTO ADMINISTRATIVO DE DESARROLLO E INNOVACIÓN INSTITUCIONAL
A6: DEPARTAMENTO ADMINISTRATIVO DE GESTIÓN JURÍDICA PÚBLICA
A7: DEPARTAMENTO ADMINISTRATIVO DE HACIENDA MUNICIPAL
A8: DEPARTAMENTO ADMINISTRATIVO DE LA GESTIÓN DEL MEDIO AMBIENTE
A9: DEPARTAMENTO ADMINISTRATIVO DE PLANEACIÓN DISTRITAL
A10: DEPARTAMENTO ADMINISTRATIVO TECNOLOGÍAS DE LA INFORMACIÓN Y LAS COMUNICACIONES
A11: SECRETARIA DE BIENESTAR SOCIAL
A12: SECRETARÍA DE CULTURA
... A30: UNIDAD ADMINISTRATIVA ESPECIAL TEATRO MUNICIPAL ENRIQUE BUENAVENTURA

Sheet B. Resultado por dimensiones
A2: ALCALDÍA DE SANTIAGO DE CALI
A3: DEPARTAMENTO ADMINISTRATIVO DE PLANEACIÓN
A4: PLAN ESTADÍSTICO DISTRITAL DE SANTIAGO DE CALI
A5: 2025
A7: ÍNDICE DE CAPACIDAD ESTADÍSTICA DISTRITAL (ICED) 2025
A9: =ÍNDICE!A9 -> DEPARTAMENTO ADMINISTRATIVO TECNOLOGÍAS DE LA INFORMACIÓN Y LAS COMUNICACIONES
A10: Resultado por Dimensiones
B13: Dimensión | C13: N° | D13: Subdimensión | E13: Ponderación | F13: Resultado obtenido | G13: Resultado ponderado
B14: Entorno institucional | C14: 1 | D14: Marco institucional | E14: 0.5 | F14: ='C. Entorno institucional'!F45 -> 0.6875 | G14: =E14*F14 -> 0.34375
C15: 2 | D15: Gestión del conocimiento | E15: 0.5 | F15: ='C. Entorno institucional'!F52 -> 0.25 | G15: =F15*E15 -> 0.125
C16: RDI | D16: Resultado Dimensión Entorno institucional | G16: =SUM(G14:G15) -> 0.46875
B20: Dimensión | C20: N° | D20: Subdimensión | E20: Ponderación | F20: Resultado obtenido | G20: Resultado ponderado
B21: Infraestructura | C21: 1 | D21: Herramientas de gestión y procesamiento | E21: 0.5 | F21: ='D. Infraestructura'!F73 -> 0.66666667 | G21: =F21*E21 -> 0.33333333
C22: 2 | D22: Recursos humanos, recursos financieros y recursos técnológicos | E22: 0.5 | F22: ='D. Infraestructura'!F83 -> 0.6875 | G22: =F22*E22 -> 0.34375
C23: RDI | D23: Resultado Dimensión Infraestructura | G23: =SUM(G21:G22) -> 0.67708333
B27: Dimensión | C27: N° | D27: Subdimensión | E27: Ponderación | F27: Resultado obtenido | G27: Resultado ponderado
B28: Metodología estadística | C28: 1 | D28: Operaciones estadísticas | E28: =1/3 -> 0.33333333 | F28: ='E. Metodología estadística'!F83 -> 0.16666667 | G28: =F28*E28 -> 0.055555556
C29: 2 | D29: Indicadores | E29: =1/3 -> 0.33333333 | F29: ='E. Metodología estadística'!F91 -> 1 | G29: =F29*E29 -> 0.33333333
C30: 3 | D30: Analítica de datos | E30: =1/3 -> 0.33333333 | F30: ='E. Metodología estadística'!F99 -> 0.58333333 | G30: =F30*E30 -> 0.19444444
C31: RDI | D31: Resultado Dimensión Metodología estadística | G31: =SUM(G28:G30) -> 0.58333333
B34: Dimensión | C34: N° | D34: Subdimensión | E34: Ponderación | F34: Resultado obtenido | G34: Resultado ponderado
B35: Accesibilidad y uso | C35: 1 | D35: Disponibilidad y uso | E35: =1/2 -> 0.5 | F35: ='F. Accesibilidad y uso'!F73 -> 0.479175 | G35: =F35*E35 -> 0.2395875
C36: 2 | D36: Accesibilidad | E36: =1/2 -> 0.5 | F36: ='F. Accesibilidad y uso'!F83 -> 0.14583333 | G36: =F36*E36 -> 0.072916667
C37: RDI | D37: Resultado Dimensión Accesibilidad y uso | G37: =SUM(G35:G36) -> 0.31250417
B42: Fuente: Estadísticas Distritales - DAP, Alcaldía de Santiago de Cali
B43: Nota: el resultado del índice se presenta como un promedio simple y ponderado de las dimensiones.
B44: Nota: los resultados del índice a nivel de dimensiones y subdimensiones pueden variar año a año en función del reporte en el FICED.
B45: Actualizado Noviembre 2025

Sheet C. Entorno institucional
A2: ALCALDÍA DE SANTIAGO DE CALI
A3: DEPARTAMENTO ADMINISTRATIVO DE PLANEACIÓN
A4: PLAN ESTADÍSTICO DISTRITAL DE SANTIAGO DE CALI
A5: 2025
A7: Entorno institucional
A9: ¿Qué mide? Evalúa el marco normativo, organizativo y de gobernanza que apoya la producción estadística dentro de cada organismo de la Alcaldía de Santiago de Cali.
B11: No | C11: Pregunta | D11: Respuestas | E11: Celda | F11: Dimensiones | G11: Subdimension | H11: Aplica Calculo | I11: Evaluacion_respuesta | J11: Poneracion pregunta | K11: Calculo_ponderacion
B12: 6 | C12: Tiene funciones relacionadas con la generación, procesamiento, reporte o difusión de información estadística | D12: Sí | E12: 6 | F12: Entorno Institucional | G12: Marco Institucional | H12: Si | I12: 1 | J12: 0.25 | K12: 0.25
B13: 7 | C13: Tiene procedimientos relacionadas con la generación, procesamiento, reporte o difusión de información estadística | D13: Sí | E13: 8 | F13: Entorno Institucional | G13: Marco Institucional | H13: Si | I13: 1 | J13: 0.25 | K13: 0.25
B14: 8.1 | C14: Tiene planes de trabajo con actividades especificas de generación, procesamiento, reporte o difusión de información estadística | D14: x | E14: 38 | F14: Entorno Institucional | G14: Marco Institucional | H14: Si | I14: 0.25 | J14: 0.25 | K14: 0.0625
B15: 8.2 | C15: Tiene planes de acción con actividades especificas de generación, procesamiento, reporte o difusión de información estadística | E15: 40 | F15: Entorno Institucional | G15: Marco Institucional | H15: Si | I15: No aplica | J15: 0.25 | K15: No aplica
B16: 8.3 | C16: Tiene programas con actividades especificas de generación, procesamiento, reporte o difusión de información estadística | D16: x | E16: 42 | F16: Entorno Institucional | G16: Marco Institucional | H16: Si | I16: 0.25 | J16: 0.25 | K16: 0.0625
B17: 8.4 | C17: Tiene proyectos con actividades especificas de generación, procesamiento, reporte o difusión de información estadística | D17: x | E17: 44 | F17: Entorno Institucional | G17: Marco Institucional | H17: Si | I17: 0.25 | J17: 0.25 | K17: 0.0625
B18: 8.5 | C18: No incluye estas actividades en las herramientas de planificación | E18: 46 | F18: Entorno Institucional | G18: Marco Institucional | H18: Si | I18: No aplica | J18: 0.25 | K18: No aplica
B19: 9.1 | C19: Tiene planes de trabajo con actividades especificas para el fortalecimiento de la información estadística | E19: 47 | F19: Entorno Institucional | G19: Marco Institucional | H19: Si | I19: No aplica | J19: 0.25 | K19: No aplica
B20: 9.2 | C20: Tiene planes de acción con actividades especificas para el fortalecimiento de la información estadística | E20: 49 | F20: Entorno Institucional | G20: Marco Institucional | H20: Si | I20: No aplica | J20: 0.25 | K20: No aplica
B21: 9.3 | C21: Tiene programas con actividades especificas para el fortalecimiento de la información estadística | E21: 51 | F21: Entorno Institucional | G21: Marco Institucional | H21: Si | I21: No aplica | J21: 0.25 | K21: No aplica
B22: 9.4 | C22: Tiene proyectos con actividades especificas para el fortalecimiento de la información estadística | E22: 53 | F22: Entorno Institucional | G22: Marco Institucional | H22: Si | I22: No aplica | J22: 0.25 | K22: No aplica
B23: 9.5 | C23: No incluye estas actividades en las herramientas de planificación | D23: x | E23: 55 | F23: Entorno Institucional | G23: Marco Institucional | H23: Si | I23: 0 | J23: 0.25 | K23: 0
B24: 10.1 | C24: Participa activamente actividades de fortalecimiento de competencias estadísticas | E24: 56 | F24: Entorno Institucional | G24: Gestión del conocimiento | H24: Si | I24: No aplica | J24: 0.33333333 | K24: No aplica
B25: 10.2 | C25: Participa ocasionalmente actividades de fortalecimiento de competencias estadísticas | E25: 58 | F25: Entorno Institucional | G25: Gestión del conocimiento | H25: Si | I25: No aplica | J25: 0.33333333 | K25: No aplica
B26: 10.3 | C26: Participa de manera limitada en actividades de fortalecimiento de competencias estadísticas | E26: 60 | F26: Entorno Institucional | G26: Gestión del conocimiento | H26: Si | I26: No aplica | J26: 0.33333333 | K26: No aplica
B27: 10.4 | C27: No participa en actividades de fortalecimiento de competencias estadísticas | D27: x | E27: 62 | F27: Entorno Institucional | G27: Gestión del conocimiento | H27: Si | I27: 0 | J27: 0.33 | K27: 0
B28: 11.1 | C28: Participa en comisiones estadísticas | E28: 64 | F28: Entorno Institucional | G28: Gestión del conocimiento | H28: Si | I28: No aplica | J28: 0.33 | K28: No aplica
B29: 11.2 | C29: Participa en comités estadísticos | D29: x | E29: 67 | F29: Entorno Institucional | G29: Gestión del conocimiento | H29: Si | I29: 0.25 | J29: 0.33 | K29: 0.0825
B30: 11.3 | C30: Participa en mesas estadísticas | E30: 70 | F30: Entorno Institucional | G30: Gestión del conocimiento | H30: Si | I30: No aplica | J30: 0.33 | K30: No aplica
B31: 11.4 | C31: Participa en observatorios estadísticos | E31: 73 | F31: Entorno Institucional | G31: Gestión del conocimiento | H31: Si | I31: No aplica | J31: 0.33 | K31: No aplica
B32: 11.5 | C32: Participa en otras instancias | E32: 76 | F32: Entorno Institucional | G32: Gestión del conocimiento | H32: Si | I32: No aplica | J32: 0.33 | K32: No aplica
B33: 11.6 | C33: No participa en instancias de coordinación institucional en materia estadísticas | E33: 79 | F33: Entorno Institucional | G33: Gestión del conocimiento | H33: Si | I33: No aplica | J33: 0.33 | K33: No aplica
B34: 12.1 | C34: Existe de manera formal un mecanismo de trazabilidad con herramientas o procedimientos para registrar y rastrear cada etapa de producción de la información estadística. | E34: 80 | F34: Entorno Institucional | G34: Gestión del conocimiento | H34: Si | I34: No aplica | J34: 0.33 | K34: No aplica
B35: 12.2 | C35: Existen algunos mecanismos informales para la trazabilidad, pero no se aplican a todos los procesos de información estadística. | D35: x | E35: 82 | F35: Entorno Institucional | G35: Gestión del conocimiento | H35: Si | I35: 0.5 | J35: 0.33 | K35: 0.165
B36: 12.3 | C36: No existen mecanismos de trazabilidad: El organismo no cuenta con ningún mecanismo específico para asegurar la trazabilidad en sus procesos de información estadística. | E36: 84 | F36: Entorno Institucional | G36: Gestión del conocimiento | H36: Si | I36: No aplica | J36: 0.33 | K36: No aplica
B37: Volver al resultado global
C40: Subdimensión Marco institucional | D40: Evaluación respuesta | E40: Ponderación pregunta | F40: Cálculo Marco institucional
C41: Funciones relacionadas | D41: =I12 -> 1 | E41: 0.25 | F41: =E41*D41 -> 0.25
C42: Procedimientos relacionados | D42: =I13 -> 1 | E42: 0.25 | F42: =E42*D42 -> 0.25
C43: Herramientas de planificación procesamiento | D43: =SUM(I14:I18) -> 0.75 | E43: 0.25 | F43: =E43*D43 -> 0.1875
C44: Herramientas de planificación mejoramiento | D44: =SUM(I19:I23) -> 0 | E44: 0.25 | F44: =E44*D44 -> 0
C45: Resultado Subdimensión | F45: =SUM(F41:F44) -> 0.6875
C48: Subdimensión Gestión del conocimiento | D48: Evaluación respuesta | E48: Ponderación pregunta | F48: Cálculo gestión del conocimiento
C49: Fortalecimiento de competencias estadísticas | D49: =SUM(I24:I27) -> 0 | E49: =1/3 -> 0.33333333 | F49: =E49*D49 -> 0
C50: Participación en instancias de coordinación interinstitucional | D50: =SUM(I28:I33) -> 0.25 | E50: =1/3 -> 0.33333333 | F50: =E50*D50 -> 0.083333333
C51: Trazabilidad y continuidad en los procesos estadísticos | D51: =SUM(I34:I36) -> 0.5 | E51: =1/3 -> 0.33333333 | F51: =E51*D51 -> 0.16666667
C52: Resultado Subdimensión | F52: =SUM(F49:F51) -> 0.25
C54: Resultado Dimensión | F54: =(F45*50%)+(F52*50%) -> 0.46875
C64: Fuente: Estadísticas Distritales - DAP, Alcaldía de Santiago de Cali
C65: Nota: el resultado del índice se presenta como un promedio simple y ponderado de las dimensiones.
C66: Nota: los resultados del índice a nivel de dimensiones y subdimensiones pueden variar año a año en función del reporte en el FICED.
C67: Actualizado Noviembre 2025

Sheet D. Infraestructura
A2: ALCALDÍA DE SANTIAGO DE CALI
A3: DEPARTAMENTO ADMINISTRATIVO DE PLANEACIÓN
A4: PLAN ESTADÍSTICO DISTRITAL DE SANTIAGO DE CALI
A5: 2025
A7: Infraestructura
A9: ¿Qué mide? Mide la disponibilidad y calidad de los recursos humanos, tecnológicos y financieros en cada organismo para la generación, el procesamiento y la difusión de información estadística.
B11: No | C11: Pregunta | D11: Respuestas | E11: Celda | F11: Dimensiones | G11: Subdimension | H11: Aplica Calculo | I11: Evaluacion_respuesta | J11: Poneracion pregunta | K11: Calculo_ponderacion
B12: 13.1 | C12: Herramientas de procesamiento de datos - Hojas de Cálculo | D12: X | E12: 85 | F12: Infraestructura | G12: Uso de Herramientas de Gestión y Procesamiento de Datos. | H12: Si | I12: 1 | J12: 0.33333333 | K12: 0.33333333
B13: 13.2 | C13: Herramientas de procesamiento de datos - R | E13: 86 | F13: Infraestructura | G13: Uso de Herramientas de Gestión y Procesamiento de Datos. | H13: Si | I13: No aplica | J13: 0.33333333 | K13: No aplica
B14: 13.3 | C14: Herramientas de procesamiento de datos - SAS | E14: 87 | F14: Infraestructura | G14: Uso de Herramientas de Gestión y Procesamiento de Datos. | H14: Si | I14: No aplica | J14: 0.33333333 | K14: No aplica
B15: 13.4 | C15: Herramientas de procesamiento de datos - SPSS | E15: 88 | F15: Infraestructura | G15: Uso de Herramientas de Gestión y Procesamiento de Datos. | H15: Si | I15: No aplica | J15: 0.33333333 | K15: No aplica
B16: 13.5 | C16: Herramientas de procesamiento de datos - STATA | E16: 89 | F16: Infraestructura | G16: Uso de Herramientas de Gestión y Procesamiento de Datos. | H16: Si | I16: No aplica | J16: 0.33333333 | K16: No aplica
B17: 13.6 | C17: Herramientas de procesamiento de datos - Desarrolladas por el organismo | E17: 90 | F17: Infraestructura | G17: Uso de Herramientas de Gestión y Procesamiento de Datos. | H17: Si | I17: No aplica | J17: 0.33333333 | K17: No aplica
B18: 13.7 | C18: Herramientas de procesamiento de datos - Phyton | E18: 92 | F18: Infraestructura | G18: Uso de Herramientas de Gestión y Procesamiento de Datos. | H18: Si | I18: No aplica | J18: 0.33333333 | K18: No aplica
B19: 13.8 | C19: Herramientas de procesamiento de datos - Programas de datos geográficos | E19: 93 | F19: Infraestructura | G19: Uso de Herramientas de Gestión y Procesamiento de Datos. | H19: Si | I19: No aplica | J19: 0.33333333 | K19: No aplica
B20: 13.9 | C20: Otras herramientas | E20: 94 | F20: Infraestructura | G20: Uso de Herramientas de Gestión y Procesamiento de Datos. | H20: Si | I20: No aplica | J20: 0.33333333 | K20: No aplica
B21: 13.10 | C21: Ninguna herramienta de procesamiento | E21: 96 | F21: Infraestructura | G21: Uso de Herramientas de Gestión y Procesamiento de Datos. | H21: Si | I21: No aplica | J21: 0.33333333 | K21: No aplica
B22: 14.1 | C22: Utiliza gestores de bases de datos - Oracle | E22: 97 | F22: Infraestructura | G22: Uso de Herramientas de Gestión y Procesamiento de Datos. | H22: Si | I22: No aplica | J22: 0.33333333 | K22: No aplica
B23: 14.2 | C23: Utiliza gestores de bases de datos - Postgre SQL | E23: 98 | F23: Infraestructura | G23: Uso de Herramientas de Gestión y Procesamiento de Datos. | H23: Si | I23: No aplica | J23: 0.33333333 | K23: No aplica
B24: 14.3 | C24: Utiliza gestores de bases de datos - SQL Server | E24: 99 | F24: Infraestructura | G24: Uso de Herramientas de Gestión y Procesamiento de Datos. | H24: Si | I24: No aplica | J24: 0.33333333 | K24: No aplica
... B27: 14.6 | C27: Utiliza gestores de bases de datos - Otro | E27: 102 | F27: Infraestructura | G27: Uso de Herramientas de Gestión y Procesamiento de Datos. | H27: Si | I27: No aplica | J27: 0.33333333 | K27: No aplica
B28: 14.7 | C28: Ningun gestor | D28: X | E28: 104 | F28: Infraestructura | G28: Uso de Herramientas de Gestión y Procesamiento de Datos. | H28: Si | I28: 0 | J28: 0.33333333 | K28: 0
B29: 15.1 | C29: Utiliza herramientas de visualización y/o monitoreo de cifras, datos o indicadores | D29: X | E29: 105 | F29: Infraestructura | G29: Uso de Herramientas de Gestión y Procesamiento de Datos. | H29: Si | I29: 1 | J29: 0.33333333 | K29: 0.33333333
B30: 15.2 | C30: No utiliza herramientas de visualización y/o monitoreo de cifras, datos o indicadores | E30: 106 | F30: Infraestructura | G30: Uso de Herramientas de Gestión y Procesamiento de Datos. | H30: Si | I30: No aplica | J30: 0.33333333 | K30: No aplica
B31: 17.1 | C31: las herramientas de procesamiento y visualización de datos con las que cuenta el oganismo son suficientes y facilitan las actividades | E31: 137 | F31: Infraestructura | G31: Recursos Humanos, Tecnológicos y Financieros | H31: Si | I31: No aplica | J31: 0.16666667 | K31: No aplica
B32: 17.2 | C32: las herramientas de procesamiento y visualización de datos con las que cuenta el oganismo son limitadas pero no dificulta las actividades | E32: 138 | F32: Infraestructura | G32: Recursos Humanos, Tecnológicos y Financieros | H32: Si | I32: No aplica | J32: 0.16666667 | K32: No aplica
B33: 17.3 | C33: las herramientas de procesamiento y visualización de datos con las que cuenta el oganismo son limitadas y causa dificultades en las actividades | D33: X | E33: 139 | F33: Infraestructura | G33: Recursos Humanos, Tecnológicos y Financieros | H33: Si | I33: 0.5 | J33: 0.16666667 | K33: 0.083333333
B34: 17.4 | C34: las herramientas de procesamiento y visualización de datos con las que cuenta el oganismo son muy limitadas para desarrollar las actividades | E34: 140 | F34: Infraestructura | G34: Recursos Humanos, Tecnológicos y Financieros | H34: Si | I34: No aplica | J34: 0.16666667 | K34: No aplica
B35: 17.5 | C35: las herramientas de procesamiento y visualización de datos con las que cuenta el oganismo son nulas, no permiten desarrollar las actividades | E35: 141 | F35: Infraestructura | G35: Recursos Humanos, Tecnológicos y Financieros | H35: Si | I35: No aplica | J35: 0.16666667 | K35: No aplica
B36: 18.1 | C36: Existe una persona que produce, coordina o centraliza los indicadores o estadísticas relevantes para la toma de decisiones | E36: 142 | F36: Infraestructura | G36: Recursos Humanos, Tecnológicos y Financieros | H36: Si | I36: No aplica | J36: 0.16666667 | K36: No aplica
B37: 18.2 | C37: Existe un grupo que produzca, coordine o centralice los indicadores o estadísticas relevantes para la toma de decisiones | E37: 143 | F37: Infraestructura | G37: Recursos Humanos, Tecnológicos y Financieros | H37: Si | I37: No aplica | J37: 0.16666667 | K37: No aplica
B38: 18.3 | C38: Existen varios grupos que produzcan, coordinen o centralicen los indicadores o estadísticas relevantes para la toma de decisiones | D38: X | E38: 144 | F38: Infraestructura | G38: Recursos Humanos, Tecnológicos y Financieros | H38: Si | I38: 1 | J38: 0.16666667 | K38: 0.16666667
B39: 18.4 | C39: No existe una persona, grupo o grupos que produzcan, coordinen o centralicen los indicadores o estadísticas relevantes para la toma de decisiones | E39: 145 | F39: Infraestructura | G39: Recursos Humanos, Tecnológicos y Financieros | H39: Si | I39: No aplica | J39: 0.16666667 | K39: No aplica
B40: 20.1 | C40: Considera que el recurso humano para desarrollar las actividades de procesamiento, análisis y difusión de información estadística es suficiente y facilita las actividades | E40: 146 | F40: Infraestructura | G40: Recursos Humanos, Tecnológicos y Financieros | H40: Si | I40: No aplica | J40: 0.16666667 | K40: No aplica
B41: 20.2 | C41: Considera que el recurso humano para desarrollar las actividades de procesamiento, análisis y difusión de información estadística es limitado pero no dificulta las actividades | E41: 147 | F41: Infraestructura | G41: Recursos Humanos, Tecnológicos y Financieros | H41: Si | I41: No aplica | J41: 0.16666667 | K41: No aplica
B42: 20.3 | C42: Considera que el recurso humano para desarrollar las actividades de procesamiento, análisis y difusión de información estadística es limitado y causa dificultades en las actividades | D42: x | E42: 148 | F42: Infraestructura | G42: Recursos Humanos, Tecnológicos y Financieros | H42: Si | I42: 0.5 | J42: 0.16666667 | K42: 0.083333333
B43: 20.4 | C43: Considera que el recurso humano para desarrollar las actividades de procesamiento, análisis y difusión de información estadística es muy limitado para desarrollar las actividades | E43: 149 | F43: Infraestructura | G43: Recursos Humanos, Tecnológicos y Financieros | H43: Si | I43: No aplica | J43: 0.16666667 | K43: No aplica
B44: 20.5 | C44: Considera que el recurso humano para desarrollar las actividades de procesamiento, análisis y difusión de información estadística es nulo y no permite desarrollar las actividades | E44: 150 | F44: Infraestructura | G44: Recursos Humanos, Tecnológicos y Financieros | H44: Si | I44: No aplica | J44: 0.16666667 | K44: No aplica
B45: 21.1 | C45: Del presupuesto ANUAL Hardware: Adquisición de servidores para almacenamiento y procesamiento de datos estadísticos | D45: 0 | E45: 151 | F45: Infraestructura | G45: Recursos Humanos, Tecnológicos y Financieros | H45: Si | I45: 0 | J45: 0.16666667 | K45: 0
B46: 21.2 | C46: Del presupuesto ANUAL Hardware: Computadoras de alto rendimiento para análisis estadístico avanzado | D46: 0 | E46: 152 | F46: Infraestructura | G46: Recursos Humanos, Tecnológicos y Financieros | H46: Si | I46: 0 | J46: 0.16666667 | K46: 0
B47: 21.3 | C47: Del presupuesto ANUAL Hardware: Dispositivos móviles (tabletas, smartphones) para recolección de datos en campo) | D47: 0 | E47: 153 | F47: Infraestructura | G47: Recursos Humanos, Tecnológicos y Financieros | H47: Si | I47: 0 | J47: 0.16666667 | K47: 0
B48: 21.4 | C48: Del presupuesto ANUAL Hardware: Sistemas de almacenamiento externos (discos duros, sistemas en la nube). | D48: 0.2372 | E48: 154 | F48: Infraestructura | G48: Recursos Humanos, Tecnológicos y Financieros | H48: Si | I48: =1/3 -> 0.33333333 | J48: 0.16666667 | K48: 0.055
B49: 21.5 | C49: Del presupuesto ANUAL Software: Software estadístico especializado (e.g., SPSS, R, STATA, Python). | D49: 0 | E49: 155 | F49: Infraestructura | G49: Recursos Humanos, Tecnológicos y Financieros | H49: Si | I49: 0 | J49: 0.16666667 | K49: 0
B50: 21.6 | C50: Del presupuesto ANUAL Software: Licencias de bases de datos y herramientas para la gestión de datos (SQL, Oracle).. | D50: 0.0304 | E50: 156 | F50: Infraestructura | G50: Recursos Humanos, Tecnológicos y Financieros | H50: Si | I50: =(1/3)/2 -> 0.16666667 | J50: 0.16666667 | K50: 0.0275
B51: 21.7 | C51: Del presupuesto ANUAL Software: Sistemas de gestión de encuestas (CAPI, CATI, CAWI) para recolección de datos. | D51: 0 | E51: 157 | F51: Infraestructura | G51: Recursos Humanos, Tecnológicos y Financieros | H51: Si | I51: 0 | J51: 0.16666667 | K51: 0
B52: 21.8 | C52: Del presupuesto ANUAL Software: Software de visualización de datos (e.g., Tableau, Power BI). | D52: 0 | E52: 158 | F52: Infraestructura | G52: Recursos Humanos, Tecnológicos y Financieros | H52: Si | I52: 0 | J52: 0.16666667 | K52: 0
B53: 21.9 | C53: Del presupuesto ANUAL Software: Sistemas de protección de datos y ciberseguridad para garantizar la seguridad de la información. | D53: 0.0945 | E53: 159 | F53: Infraestructura | G53: Recursos Humanos, Tecnológicos y Financieros | H53: Si | I53: =(1/3)/2 -> 0.16666667 | J53: 0.16666667 | K53: 0.0275
B54: 21.10 | C54: Del presupuesto ANUAL personal y capacitacion: Contratación de expertos en análisis de datos (estadísticos, científicos de datos). | D54: 0.0018 | E54: 160 | F54: Infraestructura | G54: Recursos Humanos, Tecnológicos y Financieros | H54: Si | I54: =(1/3)/2 -> 0.16666667 | J54: 0.16666667 | K54: 0.0275
B55: 21.11 | C55: Del presupuesto ANUAL personal y capacitacion: Capacitación del personal en uso de herramientas estadísticas y tecnológicas. | D55: 0.00018 | E55: 161 | F55: Infraestructura | G55: Recursos Humanos, Tecnológicos y Financieros | H55: Si | I55: =(1/3)/2 -> 0.16666667 | J55: 0.16666667 | K55: 0.0275
B56: 21.12 | C56: Del presupuesto ANUAL personal y capacitacion: Consultorías externas para el desarrollo de metodologías estadísticas. | D56: 0 | E56: 162 | F56: Infraestructura | G56: Recursos Humanos, Tecnológicos y Financieros | H56: Si | I56: 0 | J56: 0.16666667 | K56: 0
B57: 21.13 | C57: Del presupuesto ANUAL personal y capacitacion: Mantenimiento técnico de los sistemas y herramientas tecnológicas. | D57: 0 | E57: 163 | F57: Infraestructura | G57: Recursos Humanos, Tecnológicos y Financieros | H57: Si | I57: 0 | J57: 0.16666667 | K57: 0
B58: 22.1 | C58: los recursos financieros asignados para desarrollar las actividades de procesamiento, análisis y difusión de información estadística son Suficientes y facilitan las actividades | E58: 164 | F58: Infraestructura | G58: Recursos Humanos, Tecnológicos y Financieros | H58: Si | I58: No aplica | J58: 0.16666667 | K58: No aplica
B59: 22.2 | C59: los recursos financieros asignados para desarrollar las actividades de procesamiento, análisis y difusión de información estadística son Limitados pero no dificulta las actividades | E59: 165 | F59: Infraestructura | G59: Recursos Humanos, Tecnológicos y Financieros | H59: Si | I59: No aplica | J59: 0.16666667 | K59: No aplica
B60: 22.3 | C60: los recursos financieros asignados para desarrollar las actividades de procesamiento, análisis y difusión de información estadística son Limitados y causa dificultades en las actividades | E60: 166 | F60: Infraestructura | G60: Recursos Humanos, Tecnológicos y Financieros | H60: Si | I60: No aplica | J60: 0.16666667 | K60: No aplica
B61: 22.4 | C61: los recursos financieros asignados para desarrollar las actividades de procesamiento, análisis y difusión de información estadística son Muy limitados para desarrollar las actividades | D61: x | E61: 167 | F61: Infraestructura | G61: Recursos Humanos, Tecnológicos y Financieros | H61: Si | I61: 0.25 | J61: 0.16666667 | K61: 0.041666667
B62: 22.5 | C62: los recursos financieros asignados para desarrollar las actividades de procesamiento, análisis y difusión de información estadística son Nulos, no permiten desarrollar las actividades | E62: 168 | F62: Infraestructura | G62: Recursos Humanos, Tecnológicos y Financieros | H62: Si | I62: No aplica | J62: 0.16666667 | K62: No aplica
B63: 19 | C63: Etapas que se abordan del proceso estadístico | D63: 7 | E63: 524 | F63: Infraestructura | G63: Recursos Humanos, Tecnológicos y Financieros | H63: Si | I63: 0.875 | J63: 16,7%
B65: Volver al resultado global
C69: Subdimensión Uso de Herramientas de Gestión y Procesamiento de datos | D69: Evaluación respuesta | E69: Ponderación pregunta | F69: Cálculo Uso de herramientas de gestión
C70: Uso de Herramientas de procesamiento de datos | D70: =SUM(I12:I21) -> 1 | E70: =1/3 -> 0.33333333 | F70: =E70*D70 -> 0.33333333
C71: Uso de gestores de bases de datos | D71: =SUM(I22:I28) -> 0 | E71: =1/3 -> 0.33333333 | F71: =E71*D71 -> 0
C72: Uso de herramientas de visualización y/o monitoreo de datos | D72: =SUM(I29:I30) -> 1 | E72: =1/3 -> 0.33333333 | F72: =E72*D72 -> 0.33333333
C73: Resultado Subdimensión | F73: =SUM(F70:F72) -> 0.66666667
C76: Subdimensión Recursos humanos, tecnológicos y financieros | D76: Evaluación respuesta | E76: Ponderación pregunta | F76: Cálculo Recursos humanos, tecnológicos y financieros
C77: Herramientas de procesamiento y visualización | D77: =SUM(I31:I35) -> 0.5 | E77: =1/6 -> 0.16666667 | F77: =E77*D77 -> 0.083333333
C78: Existe en la estructura organizacional una persona, grupo o varios grupos internos de trabajo GIE | D78: =SUM(I36:I39) -> 1 | E78: =1/6 -> 0.16666667 | F78: =E78*D78 -> 0.16666667
C79: Recurso humano disponible en cada etapa del proceso estadístico | D79: =I63 -> 0.875 | E79: =1/6 -> 0.16666667 | F79: =E79*D79 -> 0.14583333
C80: Recurso humano destinado a la producción, coordinación o centralización de estadísticas relevantes | D80: =SUM(I40:I44) -> 0.5 | E80: =1/6 -> 0.16666667 | F80: =E80*D80 -> 0.083333333
C81: Recursos financieros del presupuesto anual destinados a la producción, coordinación o centralización de estadísticas relevantes | D81: =SUM(I45:I57) -> 1 | E81: =1/6 -> 0.16666667 | F81: =E81*D81 -> 0.16666667
C82: Recurso financiero destinado a la producción, coordinación o centralización de estadísticas relevantes | D82: =SUM(I58:I62) -> 0.25 | E82: =1/6 -> 0.16666667 | F82: =E82*D82 -> 0.041666667
C83: Resultado Subdimensión | F83: =SUM(F77:F82) -> 0.6875
C85: Resultado Dimensión | F85: =(F73*50%)+(F83*50%) -> 0.67708333
C94: Fuente: Estadísticas Distritales - DAP, Alcaldía de Santiago de Cali
C95: Nota: el resultado del índice se presenta como un promedio simple y ponderado de las dimensiones.
C96: Nota: los resultados del índice a nivel de dimensiones y subdimensiones pueden variar año a año en función del reporte en el FICED.
C97: Actualizado Noviembre 2025

Sheet E. Metodología estadística
A2: ALCALDÍA DE SANTIAGO DE CALI
A3: DEPARTAMENTO ADMINISTRATIVO DE PLANEACIÓN
A4: PLAN ESTADÍSTICO DISTRITAL DE SANTIAGO DE CALI
A5: 2025
A7: Metodología estadística
A9: ¿Qué mide? Analiza la implementación de normas, lineamientos y estándares metodológicos en la producción estadística en cada organismo.
B11: No | C11: Pregunta | D11: Respuestas | E11: Celda | F11: Dimensiones | G11: Subdimension | H11: Aplica Cálculo | I11: Evaluación_respuesta | J11: Poneracion pregunta | K11: Cálculo_ponderación
B12: 23.1.3 | C12: Documento metodológico 1 | D12: No | E12: 171 | F12: Metodología estadística | G12: Operaciones Estadísticas | H12: Si | I12: 0 | J12: 0.16666667
B13: 23.1.4 | C13: ficha metodológica 1 | D13: No | E13: 172 | F13: Metodología estadística | G13: Operaciones Estadísticas | H13: Si | I13: 0 | J13: 0.16666667
B14: 23.1.5 | C14: Manual operativo 1 | D14: No | E14: 173 | F14: Metodología estadística | G14: Operaciones Estadísticas | H14: Si | I14: 0 | J14: 0.16666667
B15: 23.1.6 | C15: Diccionario de datos 1 | D15: No | E15: 174 | F15: Metodología estadística | G15: Operaciones Estadísticas | H15: Si | I15: 0 | J15: 0.16666667
B16: 23.1.7 | C16: Documento consistencia y validación 1 | D16: No | E16: 175 | F16: Metodología estadística | G16: Operaciones Estadísticas | H16: Si | I16: 0 | J16: 0.16666667
B17: 23.1.8 | C17: Acciones de fortalecimiento 1 | D17: No | E17: 176 | F17: Metodología estadística | G17: Operaciones Estadísticas | H17: Si | I17: 0 | J17: 0.16666667 | K17: 0
B18: 24.1 | C18: El proceso de producción de información implementa Lineamientos para el proceso estadístico en el Sistema Estadístico Nacional | E18: 214 | F18: Metodología estadística | G18: Operaciones Estadísticas | H18: Si | I18: No aplica | J18: 0.16666667 | K18: No aplica
B19: 24.2 | C19: El proceso de producción de información implementa Norma técnica de calidad del proceso estadístico NTC PE 1000:2020 | E19: 215 | F19: Metodología estadística | G19: Operaciones Estadísticas | H19: Si | I19: No aplica | J19: 0.16666667 | K19: No aplica
B20: 24.3 | C20: El proceso de producción de información implementa Nomenclaturas y clasificaciones. | E20: 216 | F20: Metodología estadística | G20: Operaciones Estadísticas | H20: Si | I20: No aplica | J20: 0.16666667 | K20: No aplica
B21: 24.4 | C21: El proceso de producción de información implementa conceptos estandarizados | E21: 217 | F21: Metodología estadística | G21: Operaciones Estadísticas | H21: Si | I21: No aplica | J21: 0.16666667 | K21: No aplica
B22: 24.5 | C22: No implementa lineamientos, normas y estándares | D22: x | E22: 218 | F22: Metodología estadística | G22: Operaciones Estadísticas | H22: Si | I22: 0 | J22: 0.16666667 | K22: 0
B23: 25.1 | C23: Deteccion Necesidades: Encuestas | E23: 230 | F23: Metodología estadística | G23: Operaciones Estadísticas | H23: Si | I23: No aplica | J23: 0.16666667 | K23: No aplica
B24: 25.2 | C24: Deteccion Necesidades: Reuniones con expertos en la temática de la operación estadística | E24: 231 | F24: Metodología estadística | G24: Operaciones Estadísticas | H24: Si | I24: No aplica | J24: 0.16666667 | K24: No aplica
B25: 25.3 | C25: Deteccion Necesidades: Reuniones de trabajo con partes interesadas especializadas | D25: x | E25: 232 | F25: Metodología estadística | G25: Operaciones Estadísticas | H25: Si | I25: 0.5 | J25: 0.16666667 | K25: 0.083333333
B26: 25.4 | C26: Deteccion Necesidades: Mesas intersectoriales | E26: 233 | F26: Metodología estadística | G26: Operaciones Estadísticas | H26: Si | I26: No aplica | J26: 0.16666667 | K26: No aplica
B27: 25.5 | C27: Deteccion Necesidades: Solicitudes directas de información estadística | E27: 234 | F27: Metodología estadística | G27: Operaciones Estadísticas | H27: Si | I27: No aplica | J27: 0.16666667 | K27: No aplica
B28: 25.6 | C28: Deteccion Necesidades: Documentos de política pública | E28: 235 | F28: Metodología estadística | G28: Operaciones Estadísticas | H28: Si | I28: No aplica | J28: 0.16666667 | K28: No aplica
B29: 25.7 | C29: Deteccion Necesidades: Planes (estratégicos, de acción, o de mejora) | D29: x | E29: 236 | F29: Metodología estadística | G29: Operaciones Estadísticas | H29: Si | I29: 0.5 | J29: 0.16666667 | K29: 0.083333333
B30: 25.8 | C30: Deteccion Necesidades: Proyectos de inversión | E30: 237 | F30: Metodología estadística | G30: Operaciones Estadísticas | H30: Si | I30: No aplica | J30: 0.16666667 | K30: No aplica
B31: 25.9 | C31: Deteccion Necesidades: Consultas de referentes (nacionales o internacionales) | E31: 239 | F31: Metodología estadística | G31: Operaciones Estadísticas | H31: Si | I31: No aplica | J31: 0.16666667 | K31: No aplica
B32: 25.10 | C32: Deteccion Necesidades: Otro(s) | E32: 240 | F32: Metodología estadística | G32: Operaciones Estadísticas | H32: Si | I32: No aplica | J32: 0.16666667 | K32: No aplica
B33: 25.11 | C33: Deteccion Necesidades: Ninguno | E33: 242 | F33: Metodología estadística | G33: Operaciones Estadísticas | H33: Si | I33: No aplica | J33: 0.16666667 | K33: No aplica
B34: 26.1 | C34: Los indicadores de resultado son de análisis interno exclusivo | E34: 243 | F34: Metodología estadística | G34: Indicadores | H34: Si | I34: No aplica | J34: 0.33333333 | K34: No aplica
B35: 26.2 | C35: Los indicadores de resultado se analizan en colaboración con otros organismos | D35: x | E35: 244 | F35: Metodología estadística | G35: Indicadores | H35: Si | I35: 1 | J35: 0.33333333 | K35: 0.33333333
B36: 26.3 | C36: Los indicadores de resultado se analizan con el Uso de plataformas digitales para la recopilación de datos | E36: 245 | F36: Metodología estadística | G36: Indicadores | H36: Si | I36: No aplica | J36: 0.33333333 | K36: No aplica
B37: 26.4 | C37: El análisis se estructura de otra manera | E37: 246 | F37: Metodología estadística | G37: Indicadores | H37: Si | I37: No aplica | J37: 0.33333333 | K37: No aplica
B38: 26.5 | C38: No aplica | E38: 248 | F38: Metodología estadística | G38: Indicadores | H38: Si | I38: No aplica | J38: 0.33333333 | K38: No aplica
B39: 26.6 | C39: No se realiza consolidación de la información | E39: 249 | F39: Metodología estadística | G39: Indicadores | H39: Si | I39: No aplica | J39: 0.33333333 | K39: No aplica
B40: 27.1 | C40: como organismo líder de indicadores de resultado se han realizado ejercicios de articulación con los organismos líderes de indicadores de producto. | D40: x | E40: 250 | F40: Metodología estadística | G40: Indicadores | H40: Si | I40: 1 | J40: 0.33333333 | K40: 0.33333333
B41: 27.2 | C41: como organismo líder del indicador de producto, se han promovido ejercicios de articulación por parte de los organismos lideres de lo indicadores de resultado | E41: 251 | F41: Metodología estadística | G41: Indicadores | H41: Si | I41: No aplica | J41: 0.33333333 | K41: No aplica
B42: 27.3 | C42: No es necesario porque el indicador de resultado no tiene articulación con otro organismo. | E42: 252 | F42: Metodología estadística | G42: Indicadores | H42: Si | I42: No aplica | J42: 0.33333333 | K42: No aplica
B43: 27.4 | C43: No existe un proceso de articulación | E43: 253 | F43: Metodología estadística | G43: Indicadores | H43: Si | I43: No aplica | J43: 0.33333333 | K43: No aplica
B44: 28.1 | C44: los diferentes organismos que tienen indicadores de producto con los organismos líderes de los indicadores de resultado para realizar un análisis integral del logro de resultados se articulan con Reuniones periódicas para realizar acuerdo, segumiento a los resultados | D44: x | E44: 254 | F44: Metodología estadística | G44: Indicadores | H44: Si | I44: 1 | J44: 0.33333333 | K44: 0.33333333
B45: 28.2 | C45: los diferentes organismos que tienen indicadores de producto con los organismos líderes de los indicadores de resultado para realizar un análisis integral del logro de resultados se articulan con Registros de actas de reunión | E45: 255 | F45: Metodología estadística | G45: Indicadores | H45: Si | I45: No aplica | J45: 0.33333333 | K45: No aplica
B46: 28.3 | C46: los diferentes organismos que tienen indicadores de producto con los organismos líderes de los indicadores de resultado para realizar un análisis integral del logro de resultados se articulan con la Creación de una metodología para la consolidación y analísis de información | E46: 256 | F46: Metodología estadística | G46: Indicadores | H46: Si | I46: No aplica | J46: 0.33333333 | K46: No aplica
B47: 28.4 | C47: los diferentes organismos que tienen indicadores de producto con los organismos líderes de los indicadores de resultado para realizar un análisis integral del logro de resultados se articulan a través de un comité interinstitucional | E47: 257 | F47: Metodología estadística | G47: Indicadores | H47: Si | I47: No aplica | J47: 0.33333333 | K47: No aplica
B48: 28.5 | C48: los diferentes organismos que tienen indicadores de producto con los organismos líderes de los indicadores de resultado para realizar un análisis integral del logro de resultados se articulan con Informes anuales sobre resultados y recomendaciones | E48: 258 | F48: Metodología estadística | G48: Indicadores | H48: Si | I48: No aplica | J48: 0.33333333 | K48: No aplica
B49: 28.6 | C49: los diferentes organismos que tienen indicadores de producto con los organismos líderes de los indicadores de resultado para realizar un análisis integral del logro de resultados se articulan con talleres | E49: 259 | F49: Metodología estadística | G49: Indicadores | H49: Si | I49: No aplica | J49: 0.33333333 | K49: No aplica
B50: 28.7 | C50: los diferentes organismos que tienen indicadores de producto con los organismos líderes de los indicadores de resultado para realizar un análisis integral del logro de resultados se articulan con herramientas en la nube (drive) | E50: 260 | F50: Metodología estadística | G50: Indicadores | H50: Si | I50: No aplica | J50: 0.33333333 | K50: No aplica
B51: 28.8 | C51: los diferentes organismos que tienen indicadores de producto con los organismos líderes de los indicadores de resultado para realizar un análisis integral del logro de resultados se articulan con sistema centralizado de información | E51: 261 | F51: Metodología estadística | G51: Indicadores | H51: Si | I51: No aplica | J51: 0.33333333 | K51: No aplica
B52: 28.9 | C52: los diferentes organismos que tienen indicadores de producto con los organismos líderes de los indicadores de resultado para realizar un análisis integral del logro de resultados se articulan con otras herramientas | E52: 262 | F52: Metodología estadística | G52: Indicadores | H52: Si | I52: No aplica | J52: 0.33333333 | K52: No aplica
B53: 28.10 | C53: No es necesario porque el indicador de resultado no tiene articulación con otro organismo. | E53: 264 | F53: Metodología estadística | G53: Indicadores | H53: Si | I53: No aplica | J53: 0.33 | K53: No aplica
B54: 28.11 | C54: No se articulan | E54: 264 | F54: Metodología estadística | G54: Indicadores | H54: Si | I54: No aplica | J54: 0.33333333 | K54: No aplica
B55: 30.1 | C55: Implementa Lineamientos de la Alcaldía de Santiago de Cali | D55: x | E55: 315 | F55: Metodología estadística | G55: Analítica | H55: Si | I55: 0.5 | J55: 0.33333333 | K55: 0.16666667
B56: 30.2 | C56: Implementa la Guía para la Construcción y Análisis de Indicadores Departamento Nacional de Planeación (DNP). | E56: 325 | F56: Metodología estadística | G56: Analítica | H56: Si | I56: No aplica | J56: 0.33333333 | K56: No aplica
B57: 30.3 | C57: Implementa la Guía para Diseño, Construcción e Interpretación de Indicadores - Departamento Administrativo Nacional de Estadística (DANE). | E57: 326 | F57: Metodología estadística | G57: Analítica | H57: Si | I57: No aplica | J57: 0.33333333 | K57: No aplica
B58: 30.4 | C58: Implementa la Guía para la construcción y análisis de Indicadores de Gestión - Departamento Administrativo de la Función Pública (DAFP) | E58: 327 | F58: Metodología estadística | G58: Analítica | H58: Si | I58: No aplica | J58: 0.33333333 | K58: No aplica
B59: 30.5 | C59: Implementa Referentes internacionales (OCDE, PNUD, FAO) | E59: 328 | F59: Metodología estadística | G59: Analítica | H59: Si | I59: No aplica | J59: 0.33333333 | K59: No aplica
B60: 30.6 | C60: Implementa otros lineamientos | D60: x | E60: 330 | F60: Metodología estadística | G60: Analítica | H60: Si | I60: 0.5 | J60: 0.33333333 | K60: 0.16666667
B61: 30.7 | C61: No implementa ningún lineamiento | E61: 332 | F61: Metodología estadística | G61: Analítica | H61: Si | I61: No aplica | J61: 0.33333333 | K61: No aplica
B62: 31.1 | C62: Realiza análisis de datos básicos (como generación de reportes, tabulaciones y gráficos, sin aplicar modelos avanzados o técnicas de analítica sofisticada) | D62: x | E62: 333 | F62: Metodología estadística | G62: Analítica | H62: Si | I62: 0.5 | J62: 0.33333333 | K62: 0.16666667
B63: 31.2 | C63: Realiza Analítica descriptiva con modelos estadísticos tradicionales (como regresiones, análisis de varianza, entre otros) | E63: 334 | F63: Metodología estadística | G63: Analítica | H63: Si | I63: No aplica | J63: 0.33333333 | K63: No aplica
B64: 31.3 | C64: Realiza Analítica diagnóstica con modelos econométricos (como series de tiempo, modelos de panel, entre otros) | E64: 337 | F64: Metodología estadística | G64: Analítica | H64: Si | I64: No aplica | J64: 0.33333333 | K64: No aplica
B65: 31.4 | C65: Realiza Analítica predictiva con modelos de inteligencia artificial o machine learning (como redes neuronales, árboles de decisión, entre otros). | E65: 340 | F65: Metodología estadística | G65: Analítica | H65: Si | I65: No aplica | J65: 0.33333333 | K65: No aplica
B66: 31.5 | C66: Realiza Analítica prescriptiva con modelos de optimización o simulación para recomendar acciones. | E66: 343 | F66: Metodología estadística | G66: Analítica | H66: Si | I66: No aplica | J66: 0.33333333 | K66: No aplica
B67: 32.1 | C67: Conoce las herramientas de analítica avanzada pero no hace uso de ellas | D67: x | E67: 351 | F67: Metodología estadística | G67: Analítica | H67: Si | I67: 0.25 | J67: 0.33333333 | K67: 0.083333333
B68: 32.2 | C68: Conoce las herramientas de analítica avanzada y tiene planeado realizar la articulación con DATIC para desarrollar un caso de uso. | E68: 352 | F68: Metodología estadística | G68: Analítica | H68: Si | I68: No aplica | J68: 0.33333333 | K68: No aplica
B69: 32.3 | C69: Tiene formulado un proyecto de analítica avanzada con DATIC para desarrollar un caso de uso. | E69: 353 | F69: Metodología estadística | G69: Analítica | H69: Si | I69: No aplica | J69: 0.33333333 | K69: No aplica
B70: 32.4 | C70: Tiene implementado un proyecto de analítca avanzada con DATIC con un caso de uso. | E70: 354 | F70: Metodología estadística | G70: Analítica | H70: Si | I70: No aplica | J70: 0.33333333 | K70: No aplica
B71: 32.5 | C71: Tiene desplegado un caso de uso con DATIC, | E71: 355 | F71: Metodología estadística | G71: Analítica | H71: Si | I71: No aplica | J71: 0.33333333 | K71: No aplica
B72: 32.6 | C72: Desconocen la existencia de herramientas de analítica avanzada en DATIC. | E72: 356 | F72: Metodología estadística | G72: Analítica | H72: Si | I72: No aplica | J72: 0.33333333 | K72: No aplica
B74: Volver al resultado global
C76: Subdimensión Operaciones estadísticas | D76: Evaluación respuesta | E76: Ponderación pregunta | F76: Cálculo Operaciones estadísticas
C77: Documento metodológico | D77: =I12 -> 0 | E77: =1/6 -> 0.16666667 | F77: =E77*D77 -> 0
C78: Ficha metodológica | D78: =I13 -> 0 | E78: =1/6 -> 0.16666667 | F78: =E78*D78 -> 0
C79: Manual operativo, diccionario de datos y documento de consistencia y validación | D79: =SUM(I14:I16) -> 0 | E79: =1/6 -> 0.16666667 | F79: =E79*D79 -> 0
C80: Acciones de calidad y mejoramiento | D80: =I17 -> 0 | E80: =1/6 -> 0.16666667 | F80: =E80*D80 -> 0
C81: Uso de lineamientos, normas y estándares | D81: =SUM(I18:I22) -> 0 | E81: =1/6 -> 0.16666667 | F81: =E81*D81 -> 0
C82: Detección de necesidades misionales o estadísticas | D82: =SUM(I23:I33) -> 1 | E82: =1/6 -> 0.16666667 | F82: =E82*D82 -> 0.16666667
C83: Resultado Subdimensión | F83: =SUM(F77:F82) -> 0.16666667
C87: Subdimensión Indicadores | D87: Evaluación respuesta | E87: Ponderación pregunta | F87: Cálculo Indicadores
C88: Análisis de indicadores de resultado liderados por el organismo | D88: =SUM(I34:I39) -> 1 | E88: =1/3 -> 0.33333333 | F88: =E88*D88 -> 0.33333333
C89: Articulación entre organismos para el seguimiento de indicadores de producto | D89: =SUM(I40:I43) -> 1 | E89: =1/3 -> 0.33333333 | F89: =E89*D89 -> 0.33333333
C90: Articulación entre organismos líderes de indicadores de producto y líderes indicadores de resultado | D90: =SUM(I44:I54) -> 1 | E90: =1/3 -> 0.33333333 | F90: =E90*D90 -> 0.33333333
C91: Resultado Subdimensión | F91: =SUM(F88:F90) -> 1
C95: Subdimensión Analítica de datos | D95: Evaluación respuesta | E95: Ponderación pregunta | F95: Cálculo Analítica de datos
C96: Implementación de lineamientos metodológicos | D96: =SUM(I55:I61) -> 1 | E96: =1/3 -> 0.33333333 | F96: =E96*D96 -> 0.33333333
C97: Uso de modelos de analítica de datos para optimizar los procesos | D97: =SUM(I62:I66) -> 0.5 | E97: =1/3 -> 0.33333333 | F97: =E97*D97 -> 0.16666667
C98: Uso de herramientas de analítica avanzada disponibles en DATIC | D98: =SUM(I67:I72) -> 0.25 | E98: =1/3 -> 0.33333333 | F98: =E98*D98 -> 0.083333333
C99: Resultado Subdimensión | F99: =SUM(F96:F98) -> 0.58333333
C101: Resultado Dimensión | F101: =(F83*(1/3))+(F91*(1/3)+(F99*(1/3))) -> 0.58333333
C109: Fuente: Estadísticas Distritales - DAP, Alcaldía Distrital de Santiago de Cali
C110: Nota: el resultado del índice se presenta como un promedio simple y ponderado de las dimensiones.
C111: Nota: Los resultados del índice a nivel de dimensiones y subdimensiones pueden variar año a año en función del reporte en el FICED.
C112: Actualizado Noviembre 2025

Sheet F. Accesibilidad y uso
A2: ALCALDÍA DE SANTIAGO DE CALI
A3: DEPARTAMENTO ADMINISTRATIVO DE PLANEACIÓN
A4: PLAN ESTADÍSTICO DISTRITAL DE SANTIAGO DE CALI
A5: 2025
A7: Accesibilidad y uso
A9: ¿Qué mide? Mide la capacidad de los organismos para garantizar el acceso a la información estadística y su uso efectivo para la toma de decisiones en la Alcaldía de Santiago de Cali.
B11: No | C11: Pregunta | D11: Respuestas | E11: Celda | F11: Dimensiones | G11: Subdimension | H11: Aplica Cálculo | I11: Evaluación_respuesta | J11: Ponderación pregunta | K11: Cálculo_Ponderación
B12: 23.1.9 | C12: Publicado en SICODE 1 | D12: No | E12: 177 | F12: Accesibilidad y uso | G12: Disponibilidad y uso | H12: Si | I12: 0 | J12: 0.25 | K12: 0
B13: 36.1 | C13: Los indicadores existentes en su organismo se usaron para: hacer diagnóstico, seguimiento o evaluación al Plan de Desarrollo Distrital | D13: x | E13: 385 | F13: Accesibilidad y uso | G13: Disponibilidad y uso | H13: Si | I13: 0.25 | J13: 0.25 | K13: 0.0625
B14: 36.2 | C14: Los indicadores existentes en su organismo se usaron para: presentar informes de rendición de cuentas | E14: 387 | F14: Accesibilidad y uso | G14: Disponibilidad y uso | H14: Si | I14: No aplica | J14: 0.25 | K14: No aplica
B15: 36.3 | C15: Los indicadores existentes en su organismo se usaron para: formular o actualizar el Plan de Ordenamiento Territorial POT vigente | E15: 389 | F15: Accesibilidad y uso | G15: Disponibilidad y uso | H15: Si | I15: No aplica | J15: 0.25 | K15: No aplica
B16: 36.4 | C16: Los indicadores existentes en su organismo se usaron para: Evaluar las política públicas | E16: 391 | F16: Accesibilidad y uso | G16: Disponibilidad y uso | H16: Si | I16: No aplica | J16: 0.25 | K16: No aplica
B17: 37.1 | C17: principales usuarios de la información estadística que produce el organismo: Organismos de la misma entidad | D17: x | E17: 393 | F17: Accesibilidad y uso | G17: Disponibilidad y uso | H17: Si | I17: 0.5 | J17: 0.25 | K17: 0.125
B18: 37.2 | C18: principales usuarios de la información estadística que produce el organismo: Organismos internacionales | E18: 395 | F18: Accesibilidad y uso | G18: Disponibilidad y uso | H18: Si | I18: No aplica | J18: 0.25 | K18: No aplica
B19: 37.3 | C19: principales usuarios de la información estadística que produce el organismo: Presidencia de la República | E19: 397 | F19: Accesibilidad y uso | G19: Disponibilidad y uso | H19: Si | I19: No aplica | J19: 0.25 | K19: No aplica
B20: 37.4 | C20: principales usuarios de la información estadística que produce el organismo: Ministerios | D20: x | E20: 399 | F20: Accesibilidad y uso | G20: Disponibilidad y uso | H20: Si | I20: 0.25 | J20: 0.25 | K20: 0.0625
B21: 37.5 | C21: principales usuarios de la información estadística que produce el organismo: Organismos de control | D21: x | E21: 401 | F21: Accesibilidad y uso | G21: Disponibilidad y uso | H21: Si | I21: 0.25 | J21: 0.25 | K21: 0.0625
B22: 37.6 | C22: principales usuarios de la información estadística que produce el organismo: Otras entidades del orden Nacional | E22: 403 | F22: Accesibilidad y uso | G22: Disponibilidad y uso | H22: Si | I22: No aplica | J22: 0.25 | K22: No aplica
B23: 37.7 | C23: principales usuarios de la información estadística que produce el organismo: Entidades de orden Territorial | E23: 405 | F23: Accesibilidad y uso | G23: Disponibilidad y uso | H23: Si | I23: No aplica | J23: 0.25 | K23: No aplica
B24: 37.8 | C24: principales usuarios de la información estadística que produce el organismo: gremios | E24: 407 | F24: Accesibilidad y uso | G24: Disponibilidad y uso | H24: Si | I24: No aplica | J24: 0.25 | K24: No aplica
B25: 37.9 | C25: principales usuarios de la información estadística que produce el organismo: Entidades privadas | E25: 409 | F25: Accesibilidad y uso | G25: Disponibilidad y uso | H25: Si | I25: No aplica | J25: 0.25 | K25: No aplica
B26: 37.10 | C26: principales usuarios de la información estadística que produce el organismo: academia | E26: 411 | F26: Accesibilidad y uso | G26: Disponibilidad y uso | H26: Si | I26: No aplica | J26: 0.25 | K26: No aplica
B27: 37.11 | C27: principales usuarios de la información estadística que produce el organismo: publico en general | E27: 413 | F27: Accesibilidad y uso | G27: Disponibilidad y uso | H27: Si | I27: No aplica | J27: 0.25 | K27: No aplica
B28: 37.12 | C28: principales usuarios de la información estadística que produce el organismo: otros | E28: 414 | F28: Accesibilidad y uso | G28: Disponibilidad y uso | H28: Si | I28: No aplica | J28: 0.25 | K28: No aplica
B29: 37.13 | C29: No tiene ningún otro usuario de información | E29: 416 | F29: Accesibilidad y uso | G29: Disponibilidad y uso | H29: Si | I29: 0 | J29: 0.25 | K29: 0
B30: 38.1 | C30: Para la difusión de resultados estadísticos utiliza: Cuadros de salida (tablas) | D30: x | E30: 417 | F30: Accesibilidad y uso | G30: Disponibilidad y uso | H30: Si | I30: 0.33335 | J30: 0.25 | K30: 0.0833375
B31: 38.2 | C31: Para la difusión de resultados estadísticos utiliza: Boletín estadístico | E31: 418 | F31: Accesibilidad y uso | G31: Disponibilidad y uso | H31: Si | I31: No aplica | J31: 0.25 | K31: No aplica
B32: 38.3 | C32: Para la difusión de resultados estadísticos utiliza: Anuario(Cali en cifras) | E32: 419 | F32: Accesibilidad y uso | G32: Disponibilidad y uso | H32: Si | I32: No aplica | J32: 0.25 | K32: No aplica
B33: 38.4 | C33: Para la difusión de resultados estadísticos utiliza: Mapas estadísticos elaborados a través de sistemas de información geográfica para georreferenciar y difundir los datos (Indicadores o estadísticas agregadas) | E33: 420 | F33: Accesibilidad y uso | G33: Disponibilidad y uso | H33: Si | I33: No aplica | J33: 0.25 | K33: No aplica
B34: 38.5 | C34: Para la difusión de resultados estadísticos utiliza Bases de datos interactivas que permite a los usuarios consultar, actualizar y manipular datos de manera dinámica. | D34: x | E34: 421 | F34: Accesibilidad y uso | G34: Disponibilidad y uso | H34: Si | I34: 0.33335 | J34: 0.25 | K34: 0.0833375
B35: 38.6 | C35: Para la difusión de resultados estadísticos utiliza otros productos | E35: 422 | F35: Accesibilidad y uso | G35: Disponibilidad y uso | H35: Si | I35: No aplica | J35: 0.25 | K35: No aplica
B36: 38.7 | C36: No se realiza difusión | E36: 424 | F36: Accesibilidad y uso | G36: Disponibilidad y uso | H36: Si | I36: No aplica | J36: 0.25 | K36: No aplica
B37: 39.1 | C37: difunde los resultados estadísticos (Agregados, indicadores), a los usuarios a través de: Página web(Sis, ADDA, PagWeb organismo, SICODE) | D37: x | E37: 425 | F37: Accesibilidad y uso | G37: Accesibilidad | H37: Si | I37: 0.33333333 | J37: 0.25 | K37: 0.083333333
B38: 39.2 | C38: difunde los resultados estadísticos (Agregados, indicadores), a los usuarios a través de: medio físico | E38: 427 | F38: Accesibilidad y uso | G38: Accesibilidad | H38: Si | I38: No aplica | J38: 0.25 | K38: No aplica
B39: 39.3 | C39: difunde los resultados estadísticos (Agregados, indicadores), a los usuarios a través de: medio electrónico | E39: 428 | F39: Accesibilidad y uso | G39: Accesibilidad | H39: Si | I39: No aplica | J39: 0.25 | K39: No aplica
B40: 39.4 | C40: difunde los resultados estadísticos (Agregados, indicadores), a los usuarios a través de otro medio | E40: 429 | F40: Accesibilidad y uso | G40: Accesibilidad | H40: Si | I40: No aplica | J40: 0.25 | K40: No aplica
B41: 39.5 | C41: No realiza difusión de la pregunta 38 | E41: 429 | F41: Accesibilidad y uso | G41: Accesibilidad | H41: Si | I41: No aplica | J41: 0.25 | K41: No aplica
B42: 40.1 | C42: publica en la página web o micrositio del organismo para disposición de los grupos de interés: Las bases de datos anonimizadas de las operaciones estadísticas | D42: x | E42: 431 | F42: Accesibilidad y uso | G42: Accesibilidad | H42: Si | I42: 0.25 | J42: 0.25 | K42: 0.0625
B43: 40.2 | C43: publica en la página web o micrositio del organismo para disposición de los grupos de interés: Resultados de los indicadores producto, ODS y de políticas públicas | E43: 433 | F43: Accesibilidad y uso | G43: Accesibilidad | H43: Si | I43: No aplica | J43: 0.25 | K43: No aplica
B44: 40.3 | C44: publica en la página web o micrositio del organismo para disposición de los grupos de interés: Ficha técnica de indicadores | E44: 435 | F44: Accesibilidad y uso | G44: Accesibilidad | H44: Si | I44: No aplica | J44: 0.25 | K44: No aplica
B45: 40.4 | C45: publica en la página web o micrositio del organismo para disposición de los grupos de interés: Resultados de los indicadores | E45: 437 | F45: Accesibilidad y uso | G45: Accesibilidad | H45: Si | I45: No aplica | J45: 0.25 | K45: No aplica
B46: 40.5 | C46: publica en la página web o micrositio del organismo para disposición de los grupos de interés: Indicadores o estadísticas agregadas georreferenciadas | E46: 439 | F46: Accesibilidad y uso | G46: Accesibilidad | H46: Si | I46: No aplica | J46: 0.25 | K46: No aplica
B47: 40.6 | C47: publica en la página web o micrositio del organismo para disposición de los grupos de interés:R esultados de indicadores con sus series históricas | E47: 441 | F47: Accesibilidad y uso | G47: Accesibilidad | H47: Si | I47: No aplica | J47: 0.25 | K47: No aplica
B48: 40.7 | C48: publica en la página web o micrositio del organismo para disposición de los grupos de interés: Ficha metodológica de operaciones estadísticas | E48: 443 | F48: Accesibilidad y uso | G48: Accesibilidad | H48: Si | I48: No aplica | J48: 0.25 | K48: No aplica
B49: 40.8 | C49: publica en la página web o micrositio del organismo para disposición de los grupos de interés: Documento metodológico de operaciones estadísticas | E49: 445 | F49: Accesibilidad y uso | G49: Accesibilidad | H49: Si | I49: No aplica | J49: 0.25 | K49: No aplica
B50: 40.9 | C50: publica en la página web o micrositio del organismo para disposición de los grupos de interés: Cuadros de salida y series históricas de las operaciones estadísticas | E50: 447 | F50: Accesibilidad y uso | G50: Accesibilidad | H50: Si | I50: No aplica | J50: 0.25 | K50: No aplica
B51: 40.10 | C51: publica en la página web o micrositio del organismo para disposición de los grupos de interés: Calendario de difusión | E51: 449 | F51: Accesibilidad y uso | G51: Accesibilidad | H51: Si | I51: No aplica | J51: 0.25 | K51: No aplica
B52: 40.11 | C52: publica en la página web o micrositio del organismo para disposición de los grupos de interés: Indicadores o estadísticas con desagregación geográfica | E52: 451 | F52: Accesibilidad y uso | G52: Accesibilidad | H52: Si | I52: No aplica | J52: 0.25 | K52: No aplica
B53: 40.12 | C53: publica en la página web o micrositio del organismo para disposición de los grupos de interés: Indicadores o estadísticas con desagregación temática o enfoque diferencia e intersectorial | E53: 453 | F53: Accesibilidad y uso | G53: Accesibilidad | H53: Si | I53: No aplica | J53: 0.25 | K53: No aplica
B54: 40.13 | C54: publica en la página web o micrositio del organismo para disposición de los grupos de interés: Microdatos | E54: 455 | F54: Accesibilidad y uso | G54: Accesibilidad | H54: Si | I54: No aplica | J54: 0.25 | K54: No aplica
... B56: 41.1 | C56: El organismo indaga sí la información disponible en sus plataformas o canales de difusión satisfacen las necesidades de los usuarios | E56: 459 | F56: Accesibilidad y uso | G56: Accesibilidad | H56: Si | I56: No aplica | J56: 0.25 | K56: No aplica
B57: 41.2 | C57: El organismo NO indaga sí la información disponible en sus plataformas o canales de difusión satisfacen las necesidades de los usuarios | D57: x | E57: 460 | F57: Accesibilidad y uso | G57: Accesibilidad | H57: Si | I57: 0 | J57: 0.25 | K57: 0
B58: 41.1.1 | C58: para medir la satisfacción de las necesidades de los usarios de la información estadística producida utiliza: Encuestas de satisfacción. | E58: 461 | F58: Accesibilidad y uso | G58: Accesibilidad | H58: Si | I58: No aplica | J58: 0.25 | K58: No aplica
B59: 41.1.2 | C59: para medir la satisfacción de las necesidades de los usarios de la información estadística producida utiliza: Entrevistas en profundidad. | E59: 462 | F59: Accesibilidad y uso | G59: Accesibilidad | H59: Si | I59: No aplica | J59: 0.25 | K59: No aplica
B60: 41.1.3 | C60: para medir la satisfacción de las necesidades de los usarios de la información estadística producida utiliza: Grupos focales. | E60: 463 | F60: Accesibilidad y uso | G60: Accesibilidad | H60: Si | I60: No aplica | J60: 0.25 | K60: No aplica
B61: 41.1.4 | C61: para medir la satisfacción de las necesidades de los usarios de la información estadística producida utiliza: Análisis de comentarios y sugerencias. | E61: 464 | F61: Accesibilidad y uso | G61: Accesibilidad | H61: Si | I61: No aplica | J61: 0.25 | K61: No aplica
B62: 41.1.5 | C62: para medir la satisfacción de las necesidades de los usarios de la información estadística producida utiliza: Indicadores de uso | E62: 465 | F62: Accesibilidad y uso | G62: Accesibilidad | H62: Si | I62: No aplica | J62: 0.25 | K62: No aplica
B63: 41.1.6 | C63: para medir la satisfacción de las necesidades de los usarios de la información estadística producida utiliza: otros mecanismos | E63: 466 | F63: Accesibilidad y uso | G63: Accesibilidad | H63: Si | I63: No aplica | J63: 0.25 | K63: No aplica
B66: Volver al resultado global
C68: Subdimensión Disponibilidad y uso | D68: Evaluación respuesta | E68: Ponderación pregunta | F68: Cálculo Disponibilidad y uso
C69: Uso de los indicadores del organismo | D69: =SUM(I13:I16) -> 0.25 | E69: =1/4 -> 0.25 | F69: =E69*D69 -> 0.0625
C70: Principales usuarios de la información | D70: =SUM(I17:I29) -> 1 | E70: =1/4 -> 0.25 | F70: =E70*D70 -> 0.25
C71: Difusión de resultados estadísticos | D71: =SUM(I30:I36) -> 0.6667 | E71: =1/4 -> 0.25 | F71: =E71*D71 -> 0.166675
C72: Publicación de las OOEE en el SICODE | D72: =I12 -> 0 | E72: =1/4 -> 0.25 | F72: =E72*D72 -> 0
C73: Resultado Subdimensión | F73: =SUM(F69:F72) -> 0.479175
C78: Subdimensión Accesibilidad | D78: Evaluación respuesta | E78: Ponderación pregunta | F78: Cálculo Accesibilidad
C79: Medios usados para la difusión de los resultados estadísticos | D79: =SUM(I37:I41) -> 0.33333333 | E79: =1/4 -> 0.25 | F79: =E79*D79 -> 0.083333333
C80: Elementos publicados en la página web o micrositio a disposición de grupos de interés | D80: =SUM(I42:I55) -> 0.25 | E80: =1/4 -> 0.25 | F80: =E80*D80 -> 0.0625
C81: Evaluación de la satisfacción de necesidades de información de los usuarios | D81: =SUM(I56:I57) -> 0 | E81: =1/4 -> 0.25 | F81: =E81*D81 -> 0
C82: Mecanismos usados para la medición de la satisfacción de necesidades de información de los usuarios | D82: =SUM(I58:I63) -> 0 | E82: =1/4 -> 0.25 | F82: =E82*D82 -> 0
C83: Resultado Subdimensión | F83: =SUM(F79:F82) -> 0.14583333
C86: Resultado Dimensión | F86: =(F73*50%)+(F83*50%) -> 0.31250417
C94: Fuente: Estadísticas Distritales - DAP, Alcaldía de Santiago de Cali
C95: Nota: el resultado del índice se presenta como un promedio simple y ponderado de las dimensiones.
C96: Nota: los resultados del índice a nivel de dimensiones y subdimensiones pueden variar año a año en función del reporte en el FICED.
C97: Actualizado Noviembre 2025
